 Dungeon Crawl Stone Soup version 0.29.1-12-g30fa7ad0bf (webtiles) character file.

Game seed: 14116173700028198505

123 devnull the Chopper (level 5, -2/45 HPs)
             Began as a Ghoul Gladiator on Dec 29, 2022.
             Killed by divine providence
             ... invoked by an orc priest
              (14 damage)
             ... on level 4 of the Dungeon.
             The game lasted 00:10:19 (2601 turns).

devnull the Chopper (Ghoul Gladiator)               Turns: 2601, Time: 00:10:19

Health: -2/45      AC:  8    Str: 20    XL:     5   Next: 7%
Magic:  4/4        EV: 10    Int:  3    God:
Gold:   207        SH:  0    Dex: 10    Spells: 4/4 levels left

rFire   . . .      SeeInvis .   a - +1 war axe
rCold   + + .      Faith    .   (no shield)
rNeg    + + +      Spirit   .   s - +0 scale mail {rC+}
rPois   ∞          Reflect  .   c - +0 helmet
rElec   .          Harm     .   (no cloak)
rCorr   .          Rampage  .   f - +0 pair of gloves
Will    .....                   (no boots)
Stlth   +.........              (no amulet)
HPRegen 0.00/turn               (no ring)
MPRegen 0.09/turn               (no ring)

@: inhibited regen
A: claws 1, cold resistance 1, negative energy resistance 3, inhibited
regeneration, torment resistance 2, devour on kill
a: no special abilities


You were on level 4 of the Dungeon.
You visited 1 branch of the dungeon, and saw 4 of its levels.

You collected 207 gold pieces.

Inventory:

Hand Weapons
 a - a +1 war axe (weapon)
 b - a +0 triple crossbow
 y - the +9 short sword of devnull's Sudden Death {vorpal, Int+6}
   (You found it on level 3 of the Dungeon)

   It inflicts extra damage upon your enemies.
   Int:       It affects your intelligence (+6).
Missiles
 d - 3 throwing nets (quivered)
 e - 7 javelins
Armour
 c - a +0 helmet (worn)
 f - a +0 pair of gloves (worn)
 s - a +0 scale mail of cold resistance (worn)
Jewellery
 h - a ring of flight
 x - an amulet of magic regeneration
Wands
 u - a wand of charming (10)
 v - a wand of flame (10)
Scrolls
 l - a scroll of vulnerability {unknown}
 o - a scroll of fear {unknown}
 t - a scroll of enchant weapon
Potions
 g - a potion of mutation {unknown}
 j - 3 potions of lignification
 k - a potion of invisibility {unknown}
 m - a potion of curing
 p - a potion of degeneration {unknown}
 q - a potion of magic {unknown}
 r - a potion of cancellation {unknown}
 w - a potion of heal wounds {unknown}


   Skills:
 - Level 3.3 Fighting
 - Level 3.4 Axes
 - Level 1.7 Throwing
 - Level 1.7 Armour
 - Level 2.6 Dodging
 + Level 2.6 Stealth


You had 4 spell levels left.
You didn't know any spells.
Your spell library was empty.

Dungeon Overview and Level Annotations

Branches:
Dungeon (4/15)
 Temple: D:4-7

Altars:
Ashenzari
Makhleb
Trog
Vehumet


Innate Abilities, Weirdness & Mutations

You are immune to poison.
You have sharp fingernails.
Your flesh is cold resistant. (rC+)
You are immune to negative energy. (rN+++)
You do not regenerate when monsters are visible.
You are immune to unholy pain and torment.
You thrive by killing the living.


Message History

Okay, then.
It was a potion of lignification.
You feel woody for a moment. The orc hits you but does no damage.
The orc priest closely misses you.
Okay, then.
Okay, then.
The orc attacks as you move away! The orc hits you but does no damage.
The orc attacks as you move away! The orc hits you with a +0 mace.
* * * LOW HITPOINT WARNING * * *
The orc attacks as you move away! The orc closely misses you.
It was a potion of ambrosia.
You are confused.
You feel invigorated. The orc hits you with a +0 mace.
* * * LOW HITPOINT WARNING * * *
You bump into the rock wall.
The orc hits you with a +0 mace.
* * * LOW HITPOINT WARNING * * *
The orc attacks as you move away! The orc hits you but does no damage.
You hit the orc but do no damage. The orc hits you with a +0 mace.
You bump into the translucent rock wall.
The orc hits you with a +0 mace.
You bump into the rock wall.
You feel less invigorated.
You feel less confused. The orc hits you with a +0 mace.
The orc priest calls down the wrath of Beogh upon you.
Beogh smites you! The orc attacks as you move away! The orc closely misses you.
The orc priest mumbles some strange prayers to Beogh against you.
Beogh smites you!
* * * LOW HITPOINT WARNING * * *
You hit the orc.
The orc is lightly wounded.
The orc misses you. The orc closely misses you.
It was a potion of curing.
You feel better.
The jelly quivers.
The orc closely misses you.
As you read the scroll labelled BER PIGIETOMM, it crumbles to dust.
It is a scroll of amnesia.
You feel forgetful for a moment. The orc hits you but does no damage.
The orc priest mumbles some strange prayers to Beogh against you.
Beogh smites you!
You die...

#..#.. #.<#.#
#..#.####o#
##.o.......#
#..##.####.#
#.#########
#....o...o#
#########o#
...)..#@#
#......#.#
#.......#.#
.........#.####
#
###..J...#.#..#
#.#
#....$.#.#..#
...# ..#.#
#.##.########
#...
#............
.#
#..#.####....


You could see a jelly, an orc priest and an orc.

Vanquished Creatures
  Ijyb (D:3)
  An orc wizard (D:4)
  2 adders
  A dart slug (D:4)
  5 orcs
  3 endoplasms
  4 hobgoblins
  3 jackals (D:1)
  3 kobolds
  A quokka (D:3)
  5 ball pythons
  4 bats
  4 frilled lizards
  5 goblins
  6 rats
48 creatures vanquished.

Notes
Turn   | Place    | Note
-------+----------+-------------------------------------------
     0 | D:1      | devnull the Ghoul Gladiator began the quest for the Orb.
     0 | D:1      | Reached XP level 1. HP: 17/17 MP: 0/0
   296 | D:1      | Found a faded altar of an unknown god.
   370 | D:1      | Reached XP level 2. HP: 25/25 MP: 1/1
   916 | D:2      | Reached skill level 1 in Armour
  1088 | D:2      | Reached XP level 3. HP: 30/30 MP: 2/2
  1701 | D:3      | Noticed Ijyb
  1715 | D:3      | Killed Ijyb
  1716 | D:3      | Reached XP level 4. HP: 29/38 MP: 3/3
  1921 | D:3      | Found a radiant altar of Vehumet.
  1924 | D:3      | Found a bloodstained altar of Trog.
  1956 | D:3      | Found a broken altar of Ashenzari.
  1972 | D:3      | Found a burning altar of Makhleb.
  2248 | D:3      | Identified the +9 short sword of devnull's Sudden Death
                  | {vorpal, Int+6}
  2364 | D:4      | Reached skill level 1 in Stealth
  2460 | D:4      | Reached XP level 5. HP: 40/45 MP: 4/4
  2601 | D:4      | Killed from afar by an orc priest

Illustrated notes

Levels and vault maps discovered:
D:1:      amcnicky_arrival_single_pillar, layout_rooms,
          ebering_ecumenical_altar_abandoned, hangedman_decor_peaks_small
D:2:      layout_basic, solitary_fountain
D:3:      layout_basic, vehumet_altar_wand_db, trog_butcher_becter,
          grunt_temple_overflow_open, corner_web_ring, uniq_ijyb
D:4:      layout_loops_ring, mainiacjoe_overflow_paths, amcnicky_altar_gilded,
          serial_co_window_serial, co_window_paths_a,
          co_window_of_opportunity_a, co_window_paths_b, co_window_paths_b,
          co_window_of_opportunity_a, co_window_paths_a, co_window_corner_a,
          co_window_of_opportunity_b, co_window_unsneaky_path_b,
          co_window_2corner, co_window_corner_ca, co_window_corner_cb,
          co_window_cross_2, co_window_paths_d, glass_columns_a

Skill      XL: |  1  2  3  4 |
---------------+-------------+-----
Axes           | 3 |  3.4
Armour         | 1 |  1.7
Fighting       | 3 |  3.3
Stealth        | 2 |  2.6
Throwing       | |  1.7
Dodging        | |  2.6

Action                   |  1- 3 |  4- 6 || total
-------------------------+-------+-------++-------
Melee: War axe           |   131 |    18 ||   149
       Punch             |     2 |       ||     2
 Fire: Triple crossbow   |     9 |    21 ||    30
  Use: Scroll            |     2 |     1 ||     3
       Potion            |       |     3 ||     3
Armor: Leather armour    |    26 |       ||    26
       Ring mail         |    35 |       ||    35
       Scale mail        |     8 |    17 ||    25
Dodge: Dodged            |   122 |    24 ||   146
